 Dungeon Crawl Stone Soup version 0.31-a0-542-gdc2a67831c (webtiles) character file.

Game seed: 9056278397852525434

238 cforsyth the Charlatan (level 6, 0/47 HPs)
             Began as a Gnoll Artificer on Aug 15, 2023.
             Slain by a goblin
             ... wielding a +0 club
             ... led by Robin
              (1 damage)
             ... on level 4 of the Dungeon.
             The game lasted 00:03:51 (2582 turns).

cforsyth the Charlatan (Gnoll Artificer)            Turns: 2582, Time: 00:03:51

Health: 0/47       AC:  4    Str: 12    XL:     6   Next: 7%
Magic:  8/8        EV: 12    Int: 12    God:
Gold:   137        SH:  0    Dex: 12    Spells: 8/8 levels left

rFire   + . .        l - +2 whip (venom)
rCold   . . .        (no shield)
rNeg    . . .        b - +0 leather armour
rPois   .            (no helmet)
rElec   .            (no cloak)
rCorr   .            y - +0 pair of gloves
SInv    .            (no boots)
Will    .....        (no amulet)
Stlth   ++           k - ring of protection from fire
HPRegen 0.27/turn    (no ring)
MPRegen 0.11/turn

%: no passive effects
@: no status effects
A: fangs 1, strong nose, distributed training
a: no special abilities


You were on level 4 of the Dungeon.
You visited 1 branch of the dungeon, and saw 4 of its levels.

You collected 137 gold pieces.

Inventory:

Hand Weapons
 a - a +0 club
 l - a +2 whip of venom (weapon)
Missiles
 r - 5 poisoned darts
Armour
 b - a +0 leather armour (worn)
 y - a +0 pair of gloves (worn)
Jewellery
 k - a ring of protection from fire (left hand)
Wands
 c - a wand of flame (11) (quivered)
 d - a wand of charming (15)
 e - a wand of iceblast (5)
 s - a wand of mindburst (15)
 u - a wand of acid (11)
Scrolls
 f - 3 scrolls of teleportation {unknown}
 g - a scroll of poison {unknown}
 i - 2 scrolls of fog {unknown}
 j - a scroll of identify {unknown}
 o - 2 scrolls of vulnerability {unknown}
 q - a scroll of fear {unknown}
Potions
 h - a potion of haste {unknown}
 m - a potion of mutation {unknown}
 n - a potion of ambrosia {unknown}
 t - a potion of heal wounds {unknown}
 v - a potion of curing {unknown}
 w - a potion of enlightenment {unknown}
 x - a potion of lignification {unknown}
 z - 2 potions of brilliance {unknown}
 A - a potion of might {unknown}


   Skills:
 + Level 3.1 Fighting
 + Level 1.8 Short Blades
 + Level 1.8 Long Blades
 + Level 1.8 Axes
 + Level 1.8 Maces & Flails
 + Level 1.8 Polearms
 + Level 1.8 Staves
 + Level 1.8 Ranged Weapons
 + Level 1.8 Throwing
 + Level 4.9 Armour
 + Level 3.1 Dodging
 + Level 3.0 Stealth
 + Level 1.8 Shields
 + Level 1.8 Unarmed Combat
 + Level 1.8 Spellcasting
 + Level 1.4 Conjurations
 + Level 1.4 Hexes
 + Level 1.4 Summonings
 + Level 1.4 Necromancy
 + Level 1.4 Translocations
 + Level 1.4 Transmutations
 + Level 1.4 Fire Magic
 + Level 1.4 Ice Magic
 + Level 1.4 Air Magic
 + Level 1.4 Earth Magic
 + Level 1.4 Poison Magic
 + Level 2.0 Invocations
 + Level 6.8 Evocations
 + Level 1.4 Shapeshifting


You had 8 spell levels left.
You didn't know any spells.
Your spell library was empty.

Dungeon Overview and Level Annotations

Branches:
Dungeon (4/15)
 Temple: D:4-7

Altars:
Vehumet
Zin
The Shining One

Shops:
D:1 *

Annotations:
D:4 Robin


Innate Abilities, Weirdness & Mutations

You have very sharp teeth.
Your uncanny sense of smell can sniff out nearby items.
Your experience applies equally to all skills.


Message History

You hear a shout!
A goblin comes into view. It is wielding a +0 club.
The goblin hits you but does no damage.
Robin roars a battlecry!
The goblins go into a battle-frenzy!
You closely miss the goblin.
The goblin is heavily wounded.
The goblin hits you with a +0 club.
A goblin comes into view. It is wielding a +0 club.
The goblin hits you with a +0 dagger. Robin throws the goblin at you!
You closely miss the goblin.
The goblin is heavily wounded.
The goblin hits you with a +0 club. x2; The goblin hits you but does no damage.
Robin throws the goblin at you!
The goblin shouts!
You hit the goblin.
You kill the goblin!
The goblin completely misses you. The goblin hits you but does no damage.
The goblin completely misses you. The goblin closely misses you.
You barely miss the goblin. The kobold hits you with a +0 whip.
The goblin hits you with a +0 club. x2
* * * LOW HITPOINT WARNING * * *
The goblin hits you but does no damage. The goblin hits you with a +0 club.
* * * LOW HITPOINT WARNING * * *
Robin roars a battlecry!
The hobgoblin goes into a battle-frenzy!
The goblin unwields a +0 sling.
The goblin wields a +0 club.
The goblin hits you but does no damage.
As you read the scroll labelled XAMOANKOET, it crumbles to dust.
Your body is wracked with pain!
* * * LOW HITPOINT WARNING * * *
The goblin convulses! x3; The hobgoblin convulses!
Robin convulses!
The kobold convulses!
The goblin convulses! x2; The hobgoblin convulses! x2
It was a scroll of torment.
The kobold hits you but does no damage. The goblin misses you.
A goblin comes into view. It is wielding a +0 dagger.
The goblin barely misses you. The goblin hits you with a +0 club.
* * * LOW HITPOINT WARNING * * *
The goblin misses you. The goblin hits you with a +0 club.
You die...

#.....# ###### #.....#
#....# #.....# #....# .
#.....# #....# ...
#.....#####...##
....#####.....<#........
g....ggg).....##.#......
#g.ggg@g...†..#......†.
....gggKg....#.#...^....
..####g####..#....#.....
... #..+.......... #....
#..#######.... #....
#.....# #.... ....._
.......# #....
.#.......#.....####...#
.....#.....##...#.#


You could see Robin, 3 hobgoblins, 10 goblins and a kobold.

Vanquished Creatures
  A scorpion (D:4)
  An orc priest (D:4)
  An orc wizard (D:4)
  A gnoll (D:1)
  4 adders
  2 worms
  2 dart slugs
  3 orcs
  10 ball pythons
  8 endoplasms
  2 giant cockroaches
  5 goblins
  6 hobgoblins
  4 quokkas
  A bat (D:1)
  4 frilled lizards
  5 kobolds
  3 rats
63 creatures vanquished.

Notes
Turn   | Place    | Note
-------+----------+-------------------------------------------
     0 | D:1      | cforsyth the Gnoll Artificer began the quest for the Orb.
     0 | D:1      | Reached XP level 1. HP: 17/17 MP: 1/1
   170 | D:1      | Reached XP level 2. HP: 2/23 MP: 2/2
   473 | D:1      | Found Pexumawk's Assorted Antiques.
   515 | D:1      | Reached XP level 3. HP: 28/28 MP: 3/3
   975 | D:2      | Reached skill level 1 in Invocations
  1134 | D:2      | Reached skill level 1 in Short Blades
  1134 | D:2      | Reached skill level 1 in Long Blades
  1134 | D:2      | Reached skill level 1 in Axes
  1134 | D:2      | Reached skill level 1 in Maces & Flails
  1134 | D:2      | Reached skill level 1 in Polearms
  1134 | D:2      | Reached skill level 1 in Staves
  1134 | D:2      | Reached skill level 1 in Ranged Weapons
  1134 | D:2      | Reached skill level 1 in Throwing
  1134 | D:2      | Reached skill level 1 in Shields
  1134 | D:2      | Reached skill level 1 in Unarmed Combat
  1134 | D:2      | Reached skill level 1 in Spellcasting
  1146 | D:2      | Reached XP level 4. HP: 23/34 MP: 5/5
  1723 | D:3      | Reached skill level 1 in Conjurations
  1723 | D:3      | Reached skill level 1 in Hexes
  1723 | D:3      | Reached skill level 1 in Summonings
  1723 | D:3      | Reached skill level 1 in Necromancy
  1723 | D:3      | Reached skill level 1 in Translocations
  1723 | D:3      | Reached skill level 1 in Transmutations
  1723 | D:3      | Reached skill level 1 in Fire Magic
  1723 | D:3      | Reached skill level 1 in Ice Magic
  1723 | D:3      | Reached skill level 1 in Air Magic
  1723 | D:3      | Reached skill level 1 in Earth Magic
  1723 | D:3      | Reached skill level 1 in Poison Magic
  1723 | D:3      | Reached skill level 1 in Shapeshifting
  1798 | D:3      | Found a radiant altar of Vehumet.
  2083 | D:3      | Found a glowing golden altar of the Shining One.
  2302 | D:4      | Reached XP level 5. HP: 35/40 MP: 5/7
  2539 | D:4      | Reached XP level 6. HP: 47/47 MP: 8/8
  2575 | D:4      | Noticed Robin
  2576 | D:4      | Found a glowing silver altar of Zin.
  2582 | D:4      | HP: 1/47 [goblin/+0 club[Robin] (5)]
  2582 | D:4      | Slain by a goblin

Illustrated notes

Levels and vault maps discovered:
D:1:      nzn_arrival_crosshair, layout_rooms, serial_shops,
          nicolae_shop_overgrown_old_shop, dk_noncrumbling_4
D:2:      kennysheep_big_flooded_room, layout_basic, chequers_arboretum
D:3:      layout_rooms, tso_metal_star, nicolae_vehumet_altar_sigil
D:4:      layout_basic, old_standard_altar, fedhas_altar_decomposition,
          uniq_crazy_yiuf_cottage, uniq_duvessa, uniq_robin

Skill      XL: |  1  2  3  4  5 |
---------------+----------------+-----
Invocations    | 1 2 |  2.0
Short Blades   | 1 |  1.8
Long Blades    | 1 |  1.8
Axes           | 1 |  1.8
Maces & Flails | 1 |  1.8
Polearms       | 1 |  1.8
Staves         | 1 |  1.8
Ranged Weapons | 1 |  1.8
Throwing       | 1 |  1.8
Shields        | 1 |  1.8
Unarmed Combat | 1 |  1.8
Spellcasting   | 1 |  1.8
Conjurations   | 1 |  1.4
Hexes          | 1 |  1.4
Summonings     | 1 |  1.4
Necromancy     | 1 |  1.4
Translocations | 1 |  1.4
Transmutations | 1 |  1.4
Fire Magic     | 1 |  1.4
Ice Magic      | 1 |  1.4
Air Magic      | 1 |  1.4
Earth Magic    | 1 |  1.4
Poison Magic   | 1 |  1.4
Shapeshifting  | 1 |  1.4
Fighting       | 3 |  3.1
Dodging        | 3 |  3.1
Stealth        | 3 |  3.0
Armour         | |  4.9
Evocations     | |  6.8

Action                     |  1- 3 |  4- 6 || total
---------------------------+-------+-------++-------
  Melee: Club              |    50 |       ||    50
         Bite              |    10 |     4 ||    14
         Punch             |     1 |     3 ||     4
         Whip              |    41 |   109 ||   150
  Evoke: Wand              |     4 |       ||     4
    Use: Scroll            |       |     1 ||     1
   Stab: Sleeping          |     3 |     3 ||     6
 Armour: Leather armour    |    17 |    34 ||    51
  Dodge: Dodged            |    64 |    71 ||   135

Table legend: (Time is in decaauts)
 A = Elapsed time spent in this place.
 B = Non-inter-level travel time spent in this place.
 C = Inter-level travel time spent in this place.
 D = Time resting spent in this place.
 E = Time spent auto-exploring this place.
 F = Levels seen in this place.
 G = Mean time per level.
                   A        B        C        D        E       F      G
               +--------+--------+--------+--------+--------+-----+--------+
         Total |   2601 |   2496 |    105 |     13 |   2026 |   4 |  650.2 |
       Dungeon |   2601 |   2496 |    105 |     13 |   2026 |   4 |  650.2 |
               +--------+--------+--------+--------+--------+-----+--------+

Top non-repeatable levels by time:
     D:2: 799 daAuts
     D:3: 785 daAuts
     D:1: 718 daAuts
     D:4: 297 daAuts
